 Dungeon Crawl Stone Soup version 0.26-a0-542-gbaa144ba5c (webtiles) character file.

Game seed: 17893392565824414067

195 Aksej the Chopper (level 5, 0/58 HPs)
             Began as a Demonspawn Gladiator on Aug 17, 2020.
             Succumbed to an adder's poison
             ... on level 3 of the Dungeon.
             The game lasted 00:06:09 (2227 turns).

Aksej the Chopper (Demonspawn Gladiator)            Turns: 2227, Time: 00:06:09

Health: 0/58       AC: 22    Str: 15    XL:     5   Next: 45%
Magic:  5/5        EV:  2    Int:  9    God:
Gold:   88         SH:  0    Dex: 15    Spells: 4/4 levels left

rFire    . . .     SeeInvis .   a - +1 war axe
rCold    . . .     Faith    .   (no shield)
rNeg     + + +     Spirit   .   (armour currently unavailable)
rPois    +         Reflect  .   (helmet currently unavailable)
rElec    .         Harm     .   (cloak currently unavailable)
rCorr    .         NoTele   +   (gloves currently unavailable)
MR       .....                  (boots currently unavailable)
Stlth    +.........             (no amulet)
HPRegen  0.19/turn              e - ring of positive energy
MPRegen  0.09/turn              (no ring)

@: lethally poisoned (0 -> -1), tree-form
A: no striking features
a: no special abilities


You were on level 3 of the Dungeon.
You were a tree.
You visited 1 branch of the dungeon, and saw 3 of its levels.

You collected 88 gold pieces.

Inventory:

Hand Weapons
 a - a +1 war axe (weapon)
Missiles
 d - 3 throwing nets (quivered)
Armour
 c - a +1 helmet (melded)
 l - a +0 ring mail (melded)
Jewellery
 e - a ring of positive energy (left branch)
Scrolls
 b - a scroll of remove curse
 g - a scroll of teleportation
Potions
 h - a potion of berserk rage
 j - a potion of stabbing
 k - a potion of flight


   Skills:
 + Level 2.4 Fighting
 * Level 4.7 Axes
 + Level 2.1 Throwing
 + Level 1.6 Armour
 + Level 3.0 Dodging


You had 4 spell levels left.
You didn't know any spells.
Your spell library was empty.

Dungeon Overview and Level Annotations

Branches:
Dungeon (3/15)

Altars:


Innate Abilities, Weirdness & Mutations

((You have very sharp fingernails.))


Message History

The adder bites you but does no damage. The orc completely misses you.
You barely miss the adder.
The adder is moderately wounded.
You feel sick. The adder bites you but does no damage.
The orc hits you but does no damage. The adder bites you but does no damage.
You closely miss the adder.
The adder is moderately wounded.
The adder bites you but does no damage. The orc hits you but does no damage.
You barely miss the adder.
The adder is moderately wounded.
You feel sick. The adder bites you but does no damage.
The orc hits you but does no damage. The adder bites you but does no damage.
You barely miss the adder.
The adder is moderately wounded.
The adder bites you.
* * * LOW HITPOINT WARNING * * *
The orc hits you but does no damage. The adder bites you but does no damage.
You barely miss the adder.
The adder is moderately wounded.
You die...

.....o.....#
##...##†##.#
##........###.
#..##........
#..##.##.#### ######
#....#.#.# #####.....
#...###..# #.......##
##..s#.#.#####.....#(#
#..{S♣...........##.#
#.)o####.####..#.##.#
#.))# #.# #..#.##.#
#...# #.# #.......#
.....# #.# ##.#.#####
P##..s# #.# #.#.# #..
PP .....
..#####.#.###.. P
...... ..##...........
.......
..##.#..#>###..


You could see an adder, an orc and a giant cockroach.

Vanquished Creatures
  An orc wizard (D:3)
  2 orc priests
  3 adders (D:2)
  4 worms
  A dart slug (D:2)
  3 leopard geckos
  5 orcs
  A ball python (D:1)
  4 bats
  2 giant cockroaches (D:1)
  6 goblins
  5 hobgoblins
  6 jackals (D:2)
  10 kobolds
  A quokka (D:3)
  4 frilled lizards
  3 rats
61 creatures vanquished.

Notes
Turn   | Place    | Note
-------+----------+-------------------------------------------
     0 | D:1      | Aksej the Demonspawn Gladiator began the quest for the Orb.
     0 | D:1      | Reached XP level 1. HP: 16/16 MP: 1/1
   258 | D:1      | Reached skill level 3 in Axes
   288 | D:1      | Gained mutation: You have sharp fingernails. [demonic
                  | ancestry]
   288 | D:1      | Reached XP level 2. HP: 21/22 MP: 2/2
  1165 | D:2      | Reached XP level 3. HP: 22/27 MP: 3/3
  1408 | D:2      | Reached skill level 4 in Axes
  1408 | D:2      | Reached XP level 4. HP: 28/34 MP: 4/4
  2214 | D:3      | Reached skill level 1 in Armour
  2214 | D:3      | Gained mutation: You have very sharp fingernails. [demonic
                  | ancestry]
  2214 | D:3      | Reached XP level 5. HP: 29/39 MP: 5/5
  2226 | D:3      | HP: 1/58 [adder (2)]
  2227 | D:3      | Succumbed to an adder's poison

Illustrated notes

Levels and vault maps discovered:
D:1:      minmay_arrival_split_and_join, layout_basic, minmay_strange_pillars,
          kennysheep_minor_cross
D:2:      layout_loops_ring
D:3:      layout_loops_cross, fedhas_altar_3, uniq_grinder

Skill      XL: |  1  2  3  4 |
---------------+-------------+-----
Axes           | 3 4 |  4.7
Throwing       | 2 |  2.1
Dodging        | 3 |  3.0
Armour         | 1 |  1.6
Fighting       | |  2.4

Action                   |  1- 3 |  4- 6 || total
-------------------------+-------+-------++-------
Melee: War axe           |    74 |    95 ||   169
Throw: Throwing net      |       |     3 ||     3
  Use: Scroll            |     8 |     3 ||    11
       Potion            |     3 |     2 ||     5
 Stab: Distracted        |     1 |       ||     1
       Held in net/web   |       |     1 ||     1
Armor: Leather armour    |    21 |     2 ||    23
       Ring mail         |       |    46 ||    46
       Skin              |       |    10 ||    10
Dodge: Dodged            |    53 |    61 ||   114

Table legend: (Time is in decaauts)
 A = Elapsed time spent in this place.
 B = Non-inter-level travel time spent in this place.
 C = Inter-level travel time spent in this place.
 D = Time resting spent in this place.
 E = Time spent auto-exploring this place.
 F = Levels seen in this place.
 G = Mean time per level.
                   A        B        C        D        E       F      G
               +--------+--------+--------+--------+--------+-----+--------+
         Total |   2279 |   2227 |     52 |      0 |   1806 |   3 |  759.7 |
       Dungeon |   2279 |   2227 |     52 |      0 |   1806 |   3 |  759.7 |
               +--------+--------+--------+--------+--------+-----+--------+

Top non-repeatable levels by time:
     D:2: 1046 daAuts
     D:1: 1042 daAuts
     D:3: 190 daAuts
